 Dungeon Crawl Stone Soup version 0.21.0-24-g2553a33 (webtiles) character file.

83717 Gorglomux the Cultivator (level 16, -11/119 HPs)
             Began as a Halfling Earth Elementalist on Jan 20, 2018.
             Was a Believer of Fedhas.
             Hit by a large rock thrown by Polyphemus (30 damage)
             ... on level 2 of the Shoals.
             The game lasted 01:25:27 (32973 turns).

Gorglomux the Cultivator (HaEE)                    Turns: 32973, Time: 01:25:28

Health: -11/119    AC: 20    Str: 14    XL:     16   Next: 25%
Magic:  27/27      EV: 13    Int: 11    God:    Fedhas [**....]
Gold:   686        SH:  6    Dex: 17    Spells: 17/18 levels left

rFire    + + +     SeeInvis .   b - +2 hunting sling (freeze)
rCold    + . .     Gourm    .   K - +0 buckler
rNeg     . . .     Faith    .   z - +2 chain mail {rF+}
rPois    +         Spirit   .   v - +2 helmet "Vuqixut" {+Inv rPois MR++ Int-2}
rElec    .         Reflect  .   n - scarf {rC+ rF+}
rCorr    .         Harm     .   (no gloves)
MR       +++..                  t - +2 pair of boots
Stlth    ..........             F - amulet of magic regeneration
HPRegen  0.29/turn              o - ring of poison resistance
MPRegen  0.45/turn              f - ring of protection from fire

@: drained
A: small, mutation resistance 1
a: Fungal Bloom, Evolution, Sunlight, Renounce Religion, Evoke Invisibility


You were on level 2 of the Shoals.
You worshipped Fedhas.
Fedhas was pleased with you.
You were not hungry.

You visited 5 branches of the dungeon, and saw 26 of its levels.

You collected 2645 gold pieces.
You spent 1959 gold pieces at shops.

Inventory:

Hand Weapons
 a - a +1 demon blade of electrocution
 b - a +2 hunting sling of freezing (weapon)
 H - a +3 scimitar of flaming
Missiles
 l - 270 stones (quivered)
 m - 106 sling bullets
 Z - a throwing net
Armour
 n - a scarf of resistance (worn)
 t - a +2 pair of boots (worn)
 v - the +2 helmet "Vuqixut" (worn) {+Inv rPois MR++ Int-2}
   (You found it on level 1 of the Shoals)

   It affects your intelligence (-2).
   It protects you from poison.
   It affects your resistance to hostile enchantments.
   It lets you turn invisible.
 z - a +2 chain mail of fire resistance (worn)
 K - a +0 buckler (worn)
Jewellery
 c - an uncursed ring of protection from cold
 f - a ring of protection from fire (right hand)
 o - a ring of poison resistance (left hand)
 F - an amulet of magic regeneration (around neck)
Wands
 A - a wand of acid (17)
 D - a wand of digging (15)
 E - a wand of enslavement (9)
 I - a wand of iceblast (21)
 S - a wand of scattershot (9)
Scrolls
 g - 5 scrolls of immolation
 p - 2 scrolls of fog
 q - 12 scrolls of remove curse
 u - 4 scrolls of enchant weapon
 y - a scroll of silence
 B - 2 scrolls of blinking
 C - 2 scrolls of enchant armour
 M - 6 scrolls of amnesia
 N - a scroll of holy word
 R - 9 scrolls of identify
 T - 5 scrolls of teleportation
 W - 6 scrolls of fear
Potions
 j - 4 potions of heal wounds
 k - 5 potions of flight
 r - 2 potions of magic
 s - 7 potions of agility
 x - 4 potions of lignification
 G - a potion of cancellation
 J - a potion of might
 O - 6 potions of ambrosia
 P - 2 potions of haste
 Q - 10 potions of curing
 U - 2 potions of resistance
 Y - 4 potions of brilliance
Miscellaneous
 h - a lightning rod (inert)
 V - a phantom mirror
 X - a phial of floods
Comestibles
 d - 36 rations
 L - 6 chunks of flesh


   Skills:
 + Level 14.2(12.8) Fighting
 - Level 14.0(12.6) Slings
 - Level 10.0(8.8) Armour
 - Level 10.1(8.8) Dodging
 - Level 2.1(1.2) Stealth
 - Level 6.0(4.9) Shields
 - Level 1.5(0.6) Spellcasting
   Level 0.5(0.0) Transmutations
 - Level 3.0(2.0) Earth Magic
 - Level 15.0(13.6) Invocations
 - Level 5.0(3.9) Evocations


You had 17 spell levels left.
You knew the following spells:

 Your Spells              Type           Power        Failure   Level  Hunger
a - Sandblast             Erth           #.....       94%         1    ##.....


Dungeon Overview and Level Annotations

Branches:
Dungeon (15/15)            Temple (1/1) D:6            Lair (6/6) D:8
 Shoals (2/4) Lair:4       Spider (0/4) Lair:3        Slime (0/5) Lair:6
    Orc (2/2) D:10            Elf (0/3) Orc:2        Vaults (0/5) D:13
 Depths (0/5) D:15

Altars:
Ashenzari
Cheibriados
Dithmenos
Elyvilon
Fedhas
Gozag
Hepliaklqana
Kikubaaqudgha
Makhleb
Nemelex Xobeh
Okawaru
Qazlal
Ru
Sif Muna
Trog
Uskayaw
Vehumet
Wu Jian
Xom
Yredelemnul
Zin
The Shining One
Jiyva

Shops:
D:8 ![!   D:14 (   Orc:2 ([[   Shoals:2 *

Portals:
Trove: D:11 (give +3 shadow dragon scales)

Annotations:
D:6 1 runed door
Lair:1 2 transporters
Shoals:2 Polyphemus


Innate Abilities, Weirdness & Mutations

You are small and have problems with some larger weapons.
You are somewhat resistant to further mutation.


Message History

Butt which item? (* to show all) (? for menu, Esc to quit)
Aiming: Thunderbolt
Press: ? - help, Shift-Dir - straight line The thunderbolt hits the catoblepas!
You annihilate the catoblepas!!!
The thunderbolt hits Polyphemus!
Polyphemus is butt-ly wounded!
The lightning rod overheats!!!
You are engulfed in calcifying dust!
Polyphemus throws the death yak at you!!! * * * don't die
* * * Unknown command!
Butt butt!
Polyphemus throws a large rock!
The large rock hits you!!! * * * don't die
* * * You see here a large rock!
Butt command!
Unknown command!
Polyphemus throws a large rock!
The large rock hits you!!!!!! butt Fedhas appreciates your contribution to the ecosystem!

≈≈≈≈≈≈≈≈≈≈≈≈≈≈≈≈≈≈≈..
≈≈≈≈≈≈≈≈≈≈≈≈≈≈≈≈≈≈≈.#
≈≈≈≈≈≈≈≈≈≈≈≈≈≈≈≈≈§≈.##
≈≈≈≈≈≈≈≈≈≈.≈.≈(≈≈≈≈≈≈.
≈≈≈≈≈≈≈≈≈≈≈..(≈≈≈≈≈≈..
≈≈≈≈≈≈.≈≈≈≈...≈≈≈≈≈(≈.
≈≈≈≈≈≈≈≈†C(>((≈((≈≈≈≈≈
≈≈≈≈≈≈≈(§f##f..≈..≈≈≈≈
#.≈...≈≈≈≈≈≈.@§Y.#f≈≈≈≈≈.≈≈≈
#...≈≈≈≈≈≈....§....≈≈≈≈≈≈≈≈P
...≈≈≈≈≈≈.....#....≈≈≈≈≈≈≈≈≈
...≈≈≈≈≈≈≈≈≈≈.....≈≈≈≈≈≈P≈≈P
...≈≈≈≈≈≈≈≈[......≈≈≈≈≈≈≈≈≈≈
.....≈≈≈≈≈≈........≈≈≈≈≈≈P≈≈
.......≈≈≈≈.........≈≈≈P≈≈≈P
#.).≈..≈≈......≈≈≈≈≈≈P≈
###...≈≈≈≈≈.≈≈≈≈≈≈≈≈P≈≈≈


You could see Polyphemus, a death yak (petrified) and a friendly wandering
mushroom (petrified).

Vanquished Creatures
  Azrael (Orc:2)
  An ettin (Orc:2)
  An ice dragon (Lair:4)
  A hydra (D:15)
  2 catoblepae
  3 vault guards (D:13)
  A merfolk avatar (Lair:6)
  3 centaur warriors
  8 two-headed ogres
  2 ogre magi (Orc:2)
  A death yak (Lair:6)
  3 skeletal warriors (D:13)
  4 sea snakes
  2 deep trolls
  3 harpies
  A deep elf mage (D:15)
  Pikel (D:6)
  An orc sorcerer (Orc:1)
  A manticore (D:15)
  7 cyclopes
  2 fauns
  4 ugly things (D:15)
  A black mamba (Lair:5)
  3 elephants
  2 merfolk sirens
  A water nymph (Shoals:1)
  Psyche (D:12)
  7 spiny frogs
  2 rime drakes
  An efreet (D:13)
  4 yaktaurs (D:14)
  2 komodo dragons (Lair:6)
  2 polar bears
  2 meliai (D:13)
  7 trolls
  A wind drake (Shoals:1)
  2 merfolk
  2 hornets
  Prince Ribbit (D:9)
  9 blink frogs
  3 slime creatures (D:14)
  3 dream sheep
  5 hippogriffs
  A snapping turtle (Shoals:1)
  3 water elementals
  4 wraiths (D:12)
  3 wyverns
  10 yaks
  4 fire elementals (Orc:2)
  5 hungry ghosts
  A steam dragon (D:11)
  Menkaure (D:5)
  Edmund (D:5)
  3 hell hounds
  Duvessa (D:7)
  14 water moccasins
  6 porcupines
  A swamp drake (Lair:3)
  An ice beast (D:6)
  2 black bears (Lair:3)
  12 orc warriors
  A slave (D:6)
  4 sky beasts
  8 centaurs
  23 ogres
  11 wolves
  3 crocodiles
  8 bullfrogs
  Dowan (D:7)
  3 wyvern skeletons
  5 scorpions
  8 killer bees (D:13)
  3 electric eels
  4 howler monkeys
  3 bullfrog zombies
  A centaur zombie (D:9)
  5 crimson imps
  A quasit (D:13)
  A gnoll shaman (D:8)
  5 hounds
  3 jellies
  27 orc wizards
  18 orc priests
  5 centaur skeletons
  3 bullfrog skeletons
  2 iguanas
  6 worker ants
  3 hound skeletons
  A mummy (D:14)
  10 gnolls
  24 adders
  4 shadow imps
  7 wandering mushrooms
  2 adder skeletons
  2 adder zombies (D:5)
  3 dart slugs
  4 leopard geckos
  69 orcs
  2 ball pythons (D:3)
  10 giant cockroaches
  9 goblins
  7 hobgoblins
  13 jackals
  3 quokkas
  9 bats
  3 frilled lizards
  6 kobolds
  2 leopard gecko zombies
  2 quokka skeletons (D:6)
  8 rats
  A toadstool (Orc:1)
553 creatures vanquished.

Vanquished Creatures (collateral kills)
  A merfolk javelineer (Shoals:1)
  Josephine (D:12)
  A hydra (D:14)
  2 centaur warriors
  2 death yaks
  6 two-headed ogres
  Urug (Lair:4)
  2 orc high priests (Orc:2)
  Sonja (Lair:1)
  Nergalle (Lair:4)
  3 skeletal warriors
  4 sea snakes
  2 harpies (Shoals:1)
  The ghost of p0werm0de the Jester, a novice DsWr of Nemelex Xobeh (D:11)
  3 ugly things
  An orc sorcerer (Orc:1)
  A mana viper (shapeshifter) (D:15)
  A wolf spider (D:15)
  A faun (Shoals:2)
  A manticore (Shoals:1)
  A salamander (D:15)
  A torpor snail (Lair:6)
  A water nymph (Shoals:1)
  2 merfolk sirens
  Joseph (Lair:1)
  2 elephants (Lair:5)
  A gargoyle (D:14)
  4 rime drakes (Lair:6)
  3 centaur skeletons
  3 spiny frogs
  A guardian mummy (D:14)
  6 komodo dragons
  6 trolls
  2 wind drakes (Shoals:1)
  3 polar bears
  3 merfolk
  A queen bee (D:13)
  A meliai (D:13)
  A hornet (Lair:6)
  6 blink frogs
  3 hippogriffs
  A slime creature (D:14)
  A dream sheep (Shoals:2)
  A shadow (D:15)
  4 wyverns
  A wraith (D:12)
  A water elemental (D:14)
  13 yaks
  Grum (D:8)
  3 wargs (Orc:2)
  A soldier ant (D:13)
  A hell hound (D:8)
  10 water moccasins
  An acid dragon (D:14)
  A porcupine (Lair:4)
  A sky beast (D:10)
  8 orc warriors
  An ice beast (D:11)
  A black bear (Lair:4)
  8 ogres
  12 wolves
  3 crocodiles
  A bullfrog (D:12)
  A scorpion (D:9)
  9 killer bees (D:13)
  A crimson imp (D:15)
  A quasit (D:14)
  3 hounds
  2 orc priests
  3 orc wizards
  A worker ant (D:10)
  A gnoll (D:8)
  7 adders
  11 orcs
203 creatures vanquished.

Vanquished Creatures (others)
  A ghoul (D:14)
  A wolf spider zombie (D:13)
  A meliai zombie (D:12)
  69 wandering mushrooms
  A hungry ghost (D:7)
  A hornet zombie (D:14)
  2 slaves (D:7)
  A bullfrog (D:7)
  An orc priest (Orc:2)
  3 worker ant zombies
  An adder (Lair:3)
  An orc (Orc:2)
  18 fungi
  57 plants
  518 toadstools
676 creatures vanquished.

Grand Total: 1432 creatures vanquished

Notes
Turn   | Place    | Note
-------+----------+-------------------------------------------
     0 | D:1      | Gorglomux the Halfling Earth Elementalist began the quest for the Orb.
     0 | D:1      | Reached XP level 1. HP: 11/11 MP: 3/3
   176 | D:1      | Reached XP level 2. HP: 8/18 MP: 4/4
   458 | D:1      | Reached skill level 1 in Armour
   654 | D:1      | Reached skill level 1 in Fighting
   664 | D:1      | Reached skill level 1 in Slings
   671 | D:1      | Reached XP level 3. HP: 21/23 MP: 5/5
  1351 | D:2      | Reached XP level 4. HP: 29/29 MP: 6/6
  1793 | D:2      | Reached skill level 3 in Slings
  2693 | D:3      | Reached XP level 5. HP: 25/34 MP: 7/7
  3757 | D:4      | Found a sparkling altar of Nemelex Xobeh.
  3839 | D:4      | Reached skill level 6 in Slings
  3839 | D:4      | Reached XP level 6. HP: 14/39 MP: 8/8
  4777 | D:4      | Reached XP level 7. HP: 33/45 MP: 9/9
  4918 | D:5      | Entered Level 5 of the Dungeon
  4962 | D:5      | Noticed Menkaure
  4967 | D:5      | Killed Menkaure
  4967 | D:5      | Reached skill level 3 in Fighting
  4967 | D:5      | Reached skill level 3 in Armour
  5143 | D:5      | Found an ancient bone altar of Kikubaaqudgha.
  5155 | D:5      | Noticed Edmund
  5300 | D:5      | Killed Edmund
  5682 | D:5      | Reached XP level 8. HP: 34/54 MP: 10/10
  6442 | D:6      | Reached skill level 9 in Slings
  6768 | D:6      | Found a staircase to the Ecumenical Temple.
  6844 | Temple   | Entered the Ecumenical Temple
  6946 | Temple   | Became a worshipper of Fedhas Madash
  7115 | D:6      | Reached XP level 9. HP: 17/61 MP: 11/11
  7526 | D:6      | Found a runed door.
  7864 | D:7      | Noticed a hippogriff
  7928 | D:6      | Reached skill level 6 in Armour
  8104 | D:7      | Noticed Pikel
  8171 | D:6      | Killed Pikel
  8284 | D:7      | Found a hide-covered altar of Uskayaw.
  8687 | D:7      | Reached skill level 6 in Fighting
  8690 | D:7      | Noticed Duvessa
  8696 | D:7      | Noticed Dowan
  8728 | D:7      | Killed Duvessa
  8730 | D:7      | Killed Dowan
  9569 | D:7      | Noticed a hippogriff
  9596 | D:7      | Killed a hippogriff
  9608 | D:7      | Reached XP level 10. HP: 10/69 MP: 12/12
 10350 | D:8      | Reached * piety under Fedhas
 10524 | D:8      | Found a staircase to the Lair.
 10525 | D:8      | Noticed Grum
 10576 | D:8      | Reached skill level 12 in Slings
 10743 | D:8      | Noticed a two-headed ogre
 10754 | D:8      | Killed a two-headed ogre
 10788 | D:8      | Killed Grum
 10912 | D:8      | Found Xefot's Distillery.
 10925 | D:8      | Found Neaz's Armour Emporium.
 10941 | D:8      | Bought a potion of heal wounds for 55 gold pieces
 10941 | D:8      | Bought a potion of haste for 110 gold pieces
 10941 | D:8      | Bought a potion of ambrosia for 88 gold pieces
 10941 | D:8      | Bought 2 potions of agility for 88 gold pieces
 11112 | D:8      | Found Uggakah's Distillery.
 11154 | D:8      | Found a shadowy altar of Dithmenos.
 11240 | D:8      | Reached skill level 9 in Armour
 11560 | D:8      | Found a glowing golden altar of the Shining One.
 11697 | D:9      | Found a blossoming altar of Fedhas.
 11699 | D:9      | Noticed an oklob plant
 11699 | D:9      | Noticed an oklob plant
 11782 | D:9      | Reached skill level 1 in Invocations
 11825 | D:9      | Reached skill level 2 in Invocations
 12046 | D:9      | Noticed a two-headed ogre
 12057 | D:9      | Killed a two-headed ogre
 12057 | D:9      | Reached skill level 4 in Invocations
 12057 | D:9      | Reached XP level 11. HP: 77/77 MP: 12/14
 12187 | D:9      | Noticed a two-headed ogre
 12203 | D:9      | Killed a two-headed ogre
 12203 | D:9      | Reached skill level 6 in Invocations
 12254 | D:9      | Killed a centaur warrior
 12254 | D:9      | Reached skill level 7 in Invocations
 12759 | D:9      | Noticed Prince Ribbit
 12781 | D:9      | Killed Prince Ribbit
 13014 | D:10     | Entered Level 10 of the Dungeon
 13084 | D:10     | Noticed a two-headed ogre
 13092 | D:10     | Killed a two-headed ogre
 13092 | D:10     | Reached skill level 8 in Invocations
 13172 | D:10     | Found a staircase to the Orcish Mines.
 13315 | D:10     | Reached skill level 9 in Invocations
 13642 | D:11     | Found a portal to a secret trove of treasure.
 14128 | D:11     | Noticed p0werm0de's ghost (novice DsWr)
 14150 | D:11     | Killed p0werm0de's ghost
 14205 | D:11     | Reached skill level 10 in Invocations
 14447 | D:11     | Noticed a two-headed ogre
 14474 | D:11     | Killed a two-headed ogre
 14619 | Lair:1   | Entered Level 1 of the Lair of Beasts
 15095 | Lair:1   | Found a transporter.
 15145 | Lair:1   | Noticed Joseph
 15169 | Lair:1   | Killed Joseph
 15318 | Lair:1   | Noticed a fire crab
 15319 | Lair:1   | Noticed a fire crab
 15323 | Lair:1   | Noticed a fire crab
 15404 | Lair:1   | Noticed Sonja
 15489 | Lair:1   | Found a transporter.
 15608 | Lair:1   | Killed Sonja
 15608 | Lair:1   | Reached skill level 11 in Invocations
 15608 | Lair:1   | Reached XP level 12. HP: 70/82 MP: 20/20
 16174 | Lair:2   | Reached skill level 12 in Invocations
 16235 | Lair:2   | Got a bloodstained ring mail
 16246 | Lair:2   | Identified the +4 ring mail of Anarchy {+Fly rPois MR+} (You found it on level 2 of the Lair of Beasts)
 16392 | Lair:2   | Reached skill level 1 in Shields
 16782 | Lair:3   | Reached skill level 3 in Shields
 16941 | Lair:3   | Reached skill level 1 in Evocations
 16958 | Lair:3   | Reached ** piety under Fedhas
 17178 | Lair:3   | Reached skill level 3 in Evocations
 17223 | Lair:3   | Found a hole to the Spider Nest.
 17874 | Lair:4   | Reached skill level 3 in Dodging
 17878 | Lair:4   | Noticed Nergalle
 17899 | Lair:4   | Killed Nergalle
 18270 | Lair:4   | Noticed Urug
 18282 | Lair:4   | Killed Urug
 18417 | Lair:4   | Reached XP level 13. HP: 66/88 MP: 22/22
 18443 | Lair:4   | Found a staircase to the Shoals.
 18538 | Lair:4   | Found a frozen archway.
 18542 | Lair:4   | Noticed an ice dragon
 18591 | Lair:4   | Killed an ice dragon
 19347 | Lair:5   | Reached skill level 6 in Shields
 19780 | Lair:6   | Entered Level 6 of the Lair of Beasts
 19874 | Lair:6   | Reached skill level 9 in Fighting
 19932 | Lair:6   | Reached skill level 6 in Dodging
 20216 | Lair:6   | Noticed a merfolk avatar
 20241 | Lair:6   | Killed a merfolk avatar
 20607 | Lair:6   | Found a staircase to the Slime Pits.
 20608 | Lair:6   | Found a viscous altar of Jiyva.
 20983 | Lair:6   | Identified the Grimoire of Lucky Moulding
 21648 | D:12     | Noticed Psyche
 21663 | D:12     | Killed Psyche
 21663 | D:12     | Reached XP level 14. HP: 99/99 MP: 23/23
 21820 | D:12     | Reached skill level 9 in Dodging
 21830 | D:12     | Noticed Josephine
 21856 | D:12     | Killed Josephine
 22387 | D:12     | Found a blossoming altar of Fedhas.
 22673 | D:13     | Reached *** piety under Fedhas
 23117 | D:13     | Found a hide-covered altar of Uskayaw.
 23709 | D:13     | Reached skill level 13 in Invocations
 25062 | D:13     | Found a gate to the Vaults.
 25367 | D:13     | Reached skill level 14 in Invocations
 25705 | D:13     | HP: 4/99 [skeletal warrior/glaive[a skeletal warrior] (26)]
 26101 | D:14     | Noticed a ghoul
 26105 | D:14     | Killed a ghoul
 26623 | D:14     | Reached skill level 15 in Invocations
 26898 | D:14     | Found Quoni's Antique Weapon Emporium.
 27497 | D:15     | Entered Level 15 of the Dungeon
 27514 | D:15     | Found a staircase to the Depths.
 27521 | D:15     | Reached XP level 15. HP: 103/103 MP: 26/26
 27835 | D:15     | Found a shattered altar of Ashenzari.
 28165 | Orc:1    | Entered Level 1 of the Orcish Mines
 28901 | Orc:2    | Entered Level 2 of the Orcish Mines
 29540 | Orc:2    | Noticed Azrael
 29892 | Orc:2    | Killed Azrael
 30176 | Orc:2    | Reached skill level 12 in Fighting
 30871 | Orc:2    | Found Qell's Weapon Shoppe.
 30874 | Orc:2    | Found Naoxoc's Antique Armour Boutique.
 30882 | Orc:2    | Found Gushrior's Armour Shop.
 30883 | Orc:2    | Found Plog's Food Shop.
 30970 | Orc:2    | Bought the +0 helmet "Ovawun" {*Drain Str+5 SInv} for 267 gold pieces
 31006 | Orc:2    | Bought a ration for 50 gold pieces
 31006 | Orc:2    | Bought a ration for 50 gold pieces
 31006 | Orc:2    | Bought a ration for 50 gold pieces
 31006 | Orc:2    | Bought a ration for 50 gold pieces
 31006 | Orc:2    | Bought a ration for 50 gold pieces
 31006 | Orc:2    | Bought a ration for 50 gold pieces
 31006 | Orc:2    | Bought a ration for 50 gold pieces
 31006 | Orc:2    | Bought a ration for 50 gold pieces
 31006 | Orc:2    | Bought a ration for 50 gold pieces
 31006 | Orc:2    | Bought a ration for 50 gold pieces
 31006 | Orc:2    | Bought a ration for 50 gold pieces
 31090 | Orc:2    | Found a staircase to the Elven Halls.
 31721 | Shoals:1 | Entered Level 1 of the Shoals
 32008 | Shoals:1 | Reached XP level 16. HP: 103/117 MP: 27/27
 32550 | Shoals:1 | Identified the +2 helmet "Vuqixut" {+Inv rPois MR++ Int-2} (You found it on level 1 of the Shoals)
 32770 | Shoals:2 | Found Dgele's Desiderata Depot.
 32776 | Shoals:2 | Bought a +1 demon blade of electrocution for 801 gold pieces
 32940 | Shoals:2 | Noticed Polyphemus
 32973 | Shoals:2 | Hit by a large rock thrown by Polyphemus

Skill      XL: |  1  2  3  4  5  6  7  8  9 10 11 12 13 14 15 16 |
---------------+-------------------------------------------------+-----
Armour         | 1 2 3 5 7 9 10 | 10.0
Fighting       | 1 2 3 5 6 7 8 10 13 14 | 14.2
Slings         | 1 2 4 6 7 8 9 11 12 13 14 | 14.0
Invocations    | 4 11 12 15 | 15.0
Shields        | 4 6 |  6.0
Evocations     | 5 |  5.0
Dodging        | 3 8 10 | 10.1
Stealth        | |  2.1
Spellcasting   | |  1.5
Transmutations | |  0.5
Earth Magic    | |  3.0

Action                   |  1- 3 |  4- 6 |  7- 9 | 10-12 | 13-15 | 16-18 || total
-------------------------+-------+-------+-------+-------+-------+-------++-------
Melee: Dagger            |    28 |       |    96 |    91 |    15 |     2 ||   232
       Unarmed           |     4 |    12 |       |       |       |       ||    16
       Scimitar          |       |       |       |       |       |     2 ||     2
 Fire: Hunting sling     |    60 |   291 |   574 |  1151 |  2455 |   183 ||  4714
Throw: Throwing net      |       |       |       |       |     2 |       ||     2
 Cast: Sandblast         |     1 |       |       |       |       |       ||     1
Invok: Fungal Bloom      |       |       |     4 |    60 |   129 |     9 ||   202
       Evolution         |       |       |       |    23 |    57 |     5 ||    85
       Sunlight          |       |       |       |       |    28 |     1 ||    29
Evoke: Wand              |       |       |     5 |     1 |     6 |       ||    12
       Phial of floods   |       |       |       |       |     2 |       ||     2
       Lightning rod     |       |       |       |       |     4 |     4 ||     8
  Use: Scroll            |       |     4 |     9 |    12 |     6 |     1 ||    32
       Potion            |       |     1 |     3 |       |       |       ||     4
 Stab: Sleeping          |     2 |       |       |       |       |       ||     2
  Eat: Chunk             |     1 |    11 |    13 |    15 |    16 |     3 ||    59
       Ration            |       |       |     5 |     6 |     8 |       ||    19
Armor: Robe              |     6 |    18 |     3 |       |       |       ||    27
       Skin              |       |    10 |    21 |       |       |       ||    31
       Chain mail        |       |       |   137 |   160 |       |     6 ||   303
       Troll leather arm |       |       |       |     5 |       |       ||     5
       Ring mail         |       |       |       |    36 |   117 |     5 ||   158
Dodge: Dodged            |    52 |    92 |   154 |   208 |   387 |    34 ||   927
Block: Buckler           |       |       |       |       |   134 |    12 ||   146
